Get step-by-step instructions on how to execute this build order below. Start the game timer, and the build order will tick by so you can play in parallel with StarCraft on a second screen or mobile device.

Game Time

  0:00

Last Step

  N/A

Next Step

Upcoming Step



Don't want to look back and forth between 2 screens? Try out our Overwolf App, the Spawning Tool Build Advisor to get an in-game overlay with this build!

Complete Build Order

  12  0:17  Pylon, Probe (Chrono Boost)  
  13  0:29  Probe (Chrono Boost)  
  14  0:40  Probe (Chrono Boost)  
  15  0:52  Forge  
  15  0:59  Probe (Chrono Boost)  
  16  1:17  Pylon  
  16  1:40  Pylon  
  16  1:51  Photon Cannon  
  16  1:58  Pylon  
  16  2:11  Photon Cannon  
  16  2:22  Assimilator  
  16  2:30  Photon Cannon  
  16  2:46  Photon Cannon  
  16  3:17  Pylon